 Dungeon Crawl Stone Soup version 0.16-a0-3159-g1b9e691 (webtiles) character file.

5730 Johnny the Quickloader (level 11, -7/83 HPs)
             Began as a Human Hunter on Dec 15, 2014.
             Was a Believer of Okawaru.
             Mangled by a spiny frog (14 damage)
             ... on level 2 of the Lair of Beasts.
             The game lasted 00:20:30 (10009 turns).

Johnny the Quickloader (Human Hunter)              Turns: 10009, Time: 00:20:30

Health: -7/83      AC: 18    Str: 13    XL:     11   Next: 5%
Magic:  0/11       EV: 18    Int: 11    God:    Okawaru [**....]
Gold:   541        SH:  0    Dex: 20    Spells: 2 memorised, 4 levels left

rFire  . . .     SeeInvis .     y - +2 quarterstaff (chaos)
rCold  . . .     Clarity  .     d - +0 leather armour
rNeg   . . .     SustAb   .     (no shield)
rPois  .         Gourm    +     i - +2 hat
rElec  .         Spirit   .     C - +2 cloak
rCorr  .         Warding  .     J - +2 pair of gloves {Dex+3}
rMut   .         Stasis   .     n - +1 pair of boots
MR     .....                    k - amulet of the gourmand
Stlth  ++........               p - +4 ring of protection
                                j - ring of wizardry

@: lethally poisoned, not resistant to hostile enchantments, unstealthy
A: spit poison 1
a: Spit Poison, Heroism, Renounce Religion


You were on level 2 of the Lair of Beasts.
You worshipped Okawaru.
Okawaru was pleased with you.
You were not hungry.

You visited 3 branches of the dungeon, and saw 11 of its levels.
You also visited: Sewer and Ossuary.

You collected 541 gold pieces.

Inventory:

Hand weapons
 v - a +4 hand axe of venom
 y - a +2 quarterstaff of chaos (weapon)
 I - a +0 arbalest
Missiles
 c - 8 bolts
Armour
 d - a +0 leather armour (worn)
 i - a +2 hat (worn)
 n - a +1 pair of boots (worn)
 C - a +2 cloak (worn)
 J - a +2 pair of gloves of dexterity (worn)
Jewellery
 g - an uncursed amulet of faith
 j - a ring of wizardry (left hand)
 k - an amulet of the gourmand (around neck)
 p - a +4 ring of protection (right hand)
 s - an uncursed amulet of stasis
 D - an uncursed ring of see invisible {unknown}
 H - an uncursed amulet of clarity
 K - an uncursed amulet of warding
Magical devices
 o - a wand of enslavement (0)
 O - a wand of hasting (5)
Scrolls
 a - 3 scrolls of remove curse
 q - 3 scrolls of identify
 r - 5 scrolls of magic mapping
 u - a scroll of immolation
 x - a scroll of fear {unknown}
 B - 3 scrolls of teleportation
 G - a scroll of blinking
 L - a scroll of fog
Potions
 e - 2 potions of flight
 h - 3 potions of might
 l - 2 potions of haste
 w - 7 potions of curing
 z - a potion of restore abilities
 A - a potion of berserk rage
 E - 4 potions of agility
 F - a potion of degeneration
 M - a potion of ambrosia
Books
 b - a book of Necromancy

   Spells                             Type                      Level
   a - Pain                           Necromancy                   1
   b - Animate Skeleton               Necromancy                   1
   c - Vampiric Draining              Necromancy                   3
   d - Regeneration                   Charms/Necromancy            3
   e - Animate Dead                   Necromancy                   4
   f - Control Undead                 Necromancy                   4
Comestibles
 f - 6 bread rations
 m - a meat ration
 t - 9 fruits
 N - a beef jerky


   Skills:
 + Level 6.9 Fighting
 + Level 10.7 Crossbows
 + Level 4.1 Armour
 + Level 7.7 Dodging
 - Level 1.0 Stealth
 + Level 3.5 Charms
 + Level 3.8 Necromancy


You had 4 spell levels left.
You knew the following spells:

 Your Spells              Type           Power        Failure   Level  Hunger
a - Regeneration          Chrm/Necr      #.........   10%         3    ####...
c - Vampiric Draining     Necr           #.........   10%         3    ####...


Dungeon Overview and Level Annotations

Branches:
Dungeon (8/15)             Temple (1/1) D:6            Lair (2/8) D:8

Altars:
Ashenzari
Cheibriados
Dithmenos
Fedhas
Nemelex Xobeh
Okawaru
Ru
Sif Muna
Vehumet
Yredelemnul
Zin
The Shining One

Shops:
D:6 }   D:7 %

Annotations:
Lair:1 Johnny's ghost, powerful HuHu


Innate Abilities, Weirdness & Mutations

You can spit poison.


Message History

You feel sick.
The spiny frog stings you but does no damage.
The spiny frog barely misses you.
You barely miss the spiny frog.
The spiny frog is almost dead.
You feel sick. The spiny frog stings you.
You hit the spiny frog but do no damage.
The spiny frog is almost dead.
You feel sick. The spiny frog stings you!! The spiny frog stings you!!
* * * LOW HITPOINT WARNING * * *
Unknown command.
Casting: Vampiric Draining
Confirm with . or Enter, or press ? or * to list all spells.
Aiming: Vampiric Draining
Press: ? - help, Shift-Dir - straight line, f/p - spiny frog
Aim: a spiny frog (almost dead)
The spiny frog is almost dead.
You feel life coursing into your body.
You feel sick. The spiny frog stings you!
You die...

... +#..#.....#..
......#......#.......
P.....................
........#......P.......
..P.............+....##.
................#....##♣
...|.....P......#.....##
+......F†.#..+###........
........@................
.........................
..........................
.........###.####.........
........#..###P##.......##
+..##..#.......##......##
.. #..#......)......#...
...##...†........##.. .+..
#............##..


You could see a spiny frog.

Vanquished Creatures
  The ghost of myeffort the Ogre Mage, an experienced OgWz of Okawaru (Ossuary)
  2 spiny frogs (Lair:2)
  5 orc warriors
  4 yaks (Lair:2)
  A hippogriff (Lair:2)
  Edmund (D:5)
  2 wargs
  A water moccasin (Lair:2)
  2 sky beasts
  A crocodile (Lair:2)
  A centaur (D:5)
  An ogre (D:8)
  2 big kobolds (Sewer)
  5 giant frogs
  A scorpion (D:6)
  3 killer bees (D:8)
  3 centaur zombies
  A goliath beetle (D:7)
  A centaur skeleton (D:4)
  4 crimson imps (D:5)
  A jelly (D:8)
  Crazy Yiuf (D:5)
  4 orc priests
  2 hounds
  A giant frog skeleton (D:6)
  3 iguanas
  6 worker ants
  8 orc wizards
  Jessica (D:2)
  A big kobold zombie (Ossuary)
  2 mummies (Ossuary)
  19 adders
  5 river rats
  2 shadow imps
  3 worms
  4 adder zombies (Ossuary)
  3 oozes
  40 orcs
  8 bats
  11 hobgoblins
  19 jackals
  8 ball pythons
  5 giant cockroaches
  3 giant geckos
  2 giant gecko skeletons
  3 giant newts
  A giant spore (D:8)
  8 goblins
  2 goblin zombies (Ossuary)
  10 hobgoblin zombies (Ossuary)
  27 kobolds
  5 kobold zombies (Ossuary)
  11 orc zombies (Ossuary)
  6 quokkas
  50 rats
  2 rat zombies (Ossuary)
  2 fungi (D:5)
331 creatures vanquished.

Vanquished Creatures (collateral kills)
  A sky beast (D:6)
  A giant frog skeleton (D:6)
  An orc priest (D:6)
  An orc (D:6)
  A giant cockroach (D:6)
  A rat (D:6)
6 creatures vanquished.

Vanquished Creatures (others)
  A hungry ghost (D:8)
1 creature vanquished.

Grand Total: 338 creatures vanquished

Notes
Turn   | Place    | Note
--------------------------------------------------------------
     0 | D:1      | Johnny, the Human Hunter, began the quest for the Orb.
     0 | D:1      | Reached XP level 1. HP: 16/16 MP: 1/1
    27 | D:1      | Found a shattered altar of Ashenzari.
    30 | D:1      | Reached XP level 2. HP: 22/22 MP: 2/2
   460 | D:2      | Reached XP level 3. HP: 27/27 MP: 3/3
   618 | D:2      | Noticed Jessica
   622 | D:2      | Killed Jessica
   663 | D:2      | Reached XP level 4. HP: 33/33 MP: 4/4
   718 | D:2      | Reached skill level 5 in Crossbows
  1387 | D:3      | Reached XP level 5. HP: 13/38 MP: 5/5
  2066 | D:3      | Reached XP level 6. HP: 31/44 MP: 6/6
  2144 | D:3      | Reached skill level 6 in Crossbows
  2587 | D:4      | Found a shadowy altar of Dithmenos.
  3532 | D:4      | Reached XP level 7. HP: 29/50 MP: 7/7
  3706 | D:4      | Reached skill level 7 in Crossbows
  3923 | D:5      | Entered Level 5 of the Dungeon
  3923 | D:5      | Noticed Edmund
  4316 | D:5      | Found a snail-covered altar of Cheibriados.
  4423 | D:5      | Killed Edmund
  4423 | D:5      | Reached XP level 8. HP: 25/58 MP: 8/8
  4570 | D:5      | Found a sand-covered staircase.
  4617 | D:5      | Got a shimmering cloak
  4634 | Ossuary  | Entered an ossuary
  4640 | Ossuary  | Identified the cursed +2 cloak of Pandemonium {Str+3 Dex-3} (You found it on level 5 of the Dungeon)
  4695 | Ossuary  | Noticed myeffort's ghost (experienced OgWz)
  4705 | Ossuary  | Reached skill level 8 in Crossbows
  4752 | Ossuary  | Killed myeffort's ghost
  4752 | Ossuary  | Reached skill level 5 in Dodging
  5106 | Ossuary  | Reached skill level 9 in Crossbows
  5164 | D:5      | Reached XP level 9. HP: 28/65 MP: 9/9
  5608 | D:5      | Noticed Crazy Yiuf
  5629 | D:5      | Killed Crazy Yiuf
  5852 | D:6      | Found a glowing drain.
  5902 | Sewer    | Entered a sewer
  6182 | Sewer    | Reached skill level 5 in Fighting
  6512 | D:6      | Reached skill level 10 in Crossbows
  6531 | D:6      | Learned a level 3 spell: Regeneration
  6535 | D:6      | Learned a level 3 spell: Vampiric Draining
  6647 | D:6      | Found a staircase to the Ecumenical Temple.
  6665 | D:6      | Found Inuwonah's Gadget Shop.
  6886 | D:6      | Reached skill level 1 in Armour
  6886 | D:6      | Reached skill level 1 in Charms
  6899 | Temple   | Entered the Ecumenical Temple
  6920 | Temple   | Became a worshipper of Warmaster Okawaru
  6979 | D:7      | Reached skill level 1 in Necromancy
  7163 | D:7      | Reached XP level 10. HP: 37/76 MP: 10/10
  7281 | D:7      | Found Pnuaba's Food Shoppe.
  8026 | D:7      | Acquired Okawaru's first power
  8385 | D:8      | Found a staircase to the Lair.
  8807 | D:8      | Gained mutation: You can spit poison. [potion of beneficial mutation]
  9087 | Lair:1   | Entered Level 1 of the Lair of Beasts
  9087 | Lair:1   | Noticed Johnny's ghost (powerful HuHu)
  9284 | Lair:2   | Noticed a spiny frog
  9311 | Lair:2   | Killed a spiny frog
  9980 | Lair:2   | Reached XP level 11. HP: 80/83 MP: 11/11
  9991 | Lair:2   | Noticed a spiny frog
  9996 | Lair:2   | Noticed a spiny frog
 10000 | Lair:2   | Killed a spiny frog
 10008 | Lair:2   | HP: 4/83 [spiny frog (21)]
 10009 | Lair:2   | Mangled by a spiny frog

Action                   |  1- 3 |  4- 6 |  7- 9 | 10-12 || total
-------------------------+-------+-------+-------+-------++-------
Melee: Staff             |       |    39 |       |       ||    39
       Short sword       |       |    90 |       |       ||    90
       Flail             |       |    24 |       |       ||    24
       Hand axe          |       |    12 |   435 |   212 ||   659
       Quarterstaff      |       |       |       |    39 ||    39
 Fire: Hand crossbow     |    57 |   178 |    52 |       ||   287
       Arbalest          |       |       |       |    26 ||    26
 Cast: Vampiric Draining |       |       |       |     6 ||     6
Evoke: Wand              |       |       |     2 |     1 ||     3
  Use: Scroll            |       |     4 |    15 |     8 ||    27
       Potion            |       |       |     7 |     5 ||    12
 Stab: Sleeping          |       |     1 |     6 |     1 ||     8
       Distracted        |       |       |     1 |     1 ||     2
       Confused          |       |       |       |     1 ||     1
  Eat: Chunk             |       |     4 |     5 |    10 ||    19
       Pizza             |       |     1 |       |       ||     1
       Beef jerky        |       |     1 |     1 |       ||     2
       Fruit             |       |       |     2 |       ||     2
       Meat ration       |       |       |     1 |       ||     1
       Royal jelly       |       |       |       |     1 ||     1
